 Dungeon Crawl Stone Soup version bcrawl-1.37.2 (webtiles) character file.

Game seed: 15480933654204161109

146089 Leeroy the Slasher (level 3, -2/27 HPs)
             Began as a Vampire Skald on Jan 31, 2023.
             Slain by an adder (3 damage)
             ... on level 2 of the Dungeon.
             The game lasted 00:02:31 (894 turns).

Leeroy the Slasher (Vampire Skald)                   Turns: 894, Time: 00:02:31

Health: -2/27      AC:  3    Str: 14    XL:     3   Next: 48%
Magic:  6/6        EV: 12    Int: 13    God:
Gold:   71         SH:  1    Dex: 13    Spells: 1/6 levels left

rFire    . . .     GDR:     26% a - +0 long sword
rCold    . . .     SeeInvis +   (no shield)
rNeg     + . .     Gourm    .   b - +0 leather armour
rPois    .         Faith    .   (no helmet)
rElec    .         Spirit   .   (no cloak)
rCorr    .         Reflect  .   (no gloves)
MR       .....                  (no boots)
Stlth    ++........             d - amulet of magic regeneration
HPRegen  0.14/turn              (no ring)
MPRegen  0.18/turn              (no ring)

@: lethally poisoned (-2 -> -4)
A: claws 1, fangs 3, see invisible, unbreathing
a: no special abilities


You were on level 2 of the Dungeon.
You were not thirsty.

You visited 1 branch of the dungeon, and saw 2 of its levels.

You collected 71 gold pieces.

Inventory:

Hand Weapons
 a - a +0 long sword (weapon)
Armour
 b - a +0 leather armour (worn)
Jewellery
 d - an amulet of magic regeneration (around neck)
Scrolls
 e - a scroll of fear
 f - a scroll of enchant weapon {unknown}
 g - 3 scrolls of remove curse {unknown}
 h - a scroll of amnesia {unknown}
 i - a scroll of identify
Potions
 c - a potion of invisibility {unknown}
 j - a potion of curing {unknown}
 k - a potion of flight {unknown}
 q - 2 potions of blood


   Skills:
 - Level 1.7 Fighting
 + Level 4.8 Long Blades
 - Level 0.8 Armour
 - Level 2.1 Dodging
 - Level 2.0 Spellcasting
 - Level 3.2 Charms


You had one spell level left.
You knew the following spells:

 Your Spells              Type           Power        Failure   Level  Hunger
a - Infusion              Chrm           #.......     9%          1    None
b - Song of Slaying       Chrm           #.......     12%         2    ##.....
c - Swiftness             Chrm/Air       #.......     24%         2    ##.....

Your spell library contained the following spells:

 Spells                   Type           Power        Failure   Level  Hunger
 Ozocubu's Armour         Chrm/Ice       #.......     43%         3    ####...
 Regeneration             Chrm/Necr      #.........   43%         3    ####...
 Spectral Weapon          Hex/Chrm       #.......     43%         3    ####...


Dungeon Overview and Level Annotations

Branches:
Dungeon (2/12)

Altars:


Innate Abilities, Weirdness & Mutations

You have sharp fingernails.
You have razor-sharp teeth.
You have supernaturally acute eyesight. (SInv)
You can survive without breathing.


Message History

You barely miss the adder.
The adder is moderately wounded.
You feel sick. The adder barely misses you. The hobgoblin closely misses you.
The adder barely misses you.
You closely miss the adder.
The adder is moderately wounded.
The hobgoblin hits you with a +0 club.
* * * LOW HITPOINT WARNING * * *
The adder barely misses you.
You miss the adder.
The adder is moderately wounded.
* * * LOW HITPOINT WARNING * * *
You feel sick. The adder bites you but does no damage.
The hobgoblin hits you but does no damage.
Yummy - fresh blood!
The adder bites you but does no damage. The hobgoblin barely misses you.
The adder bites you but does no damage.
Yummy - fresh blood!
* * * LOW HITPOINT WARNING * * *
You feel sick. The adder bites you.
You die...

+........)......#
#.....#.##..#.#.#
#.....#.#.#...#.#
#.....#.#...#.#.#
###.....#.....#.#
#.#######.###.# #.# #.#
#.# #.#######.###S#
####.##.......##@######
................g.......
........................
........................
........................
...#.##......#.#+#######
...#.##......#...#
...#.##......##..####
...#.##......##.....#


You could see an adder and a hobgoblin.

Vanquished Creatures
  An adder (D:2)
  A worm (D:2)
  3 dart slugs (D:1)
  A leopard gecko (D:1)
  A giant cockroach (D:2)
  2 goblins (D:1)
  4 hobgoblins
  3 jackals (D:1)
  3 kobolds
  A quokka (D:2)
  2 bats (D:1)
  A frilled lizard (D:1)
  4 rats (D:1)
27 creatures vanquished.

Notes
Turn   | Place    | Note
-------+----------+-------------------------------------------
     0 | D:1      | Leeroy the Vampire Skald began the quest for the Orb.
     0 | D:1      | Reached XP level 1. HP: 16/16 MP: 3/3
    88 | D:1      | Reached skill level 3 in Long Blades
    94 | D:1      | Reached XP level 2. HP: 20/22 MP: 5/5
   150 | D:1      | Learned a level 2 spell: Song of Slaying
   153 | D:1      | Learned a level 2 spell: Swiftness
   191 | D:1      | Reached skill level 4 in Long Blades
   544 | D:1      | Reached XP level 3. HP: 27/27 MP: 6/6
   894 | D:2      | HP: 1/27 [poisoned by an adder]
   894 | D:2      | Slain by an adder

Skill      XL: |  1  2 |
---------------+-------+-----
Long Blades    | 3 4 |  4.8
Fighting       | |  1.7
Armour         | |  0.8
Dodging        | |  2.1
Spellcasting   | |  2.0
Charms         | |  3.2

Action                   || total
-------------------------++-------
Melee: Long sword        ||    75
       Bite              ||     5
  Use: Potion            ||     4
 Stab: Sleeping          ||     4
Armor: Leather armour    ||    16
Dodge: Dodged            ||    40
Block: Other             ||     2
